AoeStats
← Schantiiniiii

Highland

504087239Analyzed
4v4 RM · 28d ago on Sep 3, 2026· 20m 16s· 8 players
Game mode
Random Map
Map size
Large (8 player)
Population
200
Speed
Normal
Resources
Standard
Victory
Conquest
Starting age
Dark Age
Ending age
Imperial Age
RankedLock teamsTeams togetherTeam positionsShared explorationLock speedFull tech treeHidden civsTurbo modeCheats
Victory
Defeat
🇩🇪 Huns · Germany
1737
+11
🇨🇭 Chinese · Switzerland
1652
+15
🇫🇷 Vikings · France
1545
+19
🇩🇪 Khmer · Germany
1464
+23
🇸🇪 Burmese · Sweden
1668
-19
🇹🇷 Lithuanians · Türkiye
1643
-18
🇦🇷 Dravidians · Argentina
1605
-16
🇹🇼 Tatars · Taiwan
1569
-15
77_Saiko_ARG
4:56 Loom
8:51 Feudal Age
9:34 Double-Bit Axe
11:55 Horse Collar
16:23 Forging
20:14 Gold Mining
[TNT] TW_RED
10:19 Feudal Age
10:44 Loom
11:12 Town Watch
15:09 Castle Age
14:29 Forging
14:17 Double-Bit Axe
16:01 Medium Warships
16:03 Bow Saw
Great Serbia
11:05 Feudal Age
12:27 Horse Collar
14:45 Loom
17:36 Castle Age
17:30 Gold Mining
18:56 Heavy Plow
19:19 Stone Mining
20:17 Gold Shaft Mining
20:31 Wheelbarrow
JavelinMen
7:29 Loom
9:23 Feudal Age
10:08 Double-Bit Axe
10:05 Horse Collar
18:25 Castle Age
17:03 Stone Mining
19:36 Bow Saw
twitch.tv/gliedi69
7:35 Loom
9:49 Feudal Age
11:48 Double-Bit Axe
19:04 Castle Age
17:43 Fletching
19:15 Padded Archer Armor
19:50 Bodkin Arrow
20:38 Medium Warships
Schantiiniiii
0:26 Loom
11:21 Feudal Age
15:49 Castle Age
14:39 Double-Bit Axe
17:01 Medium Warships
19:46 Forging
Pfienz
4:09 Loom
9:41 Feudal Age
11:56 Double-Bit Axe
11:52 Horse Collar
14:29 Forging
20:03 Castle Age
18:16 Scale Barding Armor
19:10 Bloodlines
20:11 Light Cavalry
Serxer
7:01 Loom
10:35 Feudal Age
15:42 Castle Age
14:07 Gold Mining
14:07 Double-Bit Axe
14:44 Horse Collar
17:18 Medium Warships
18:02 Gold Mining
20:01 Bow Saw
Connection lost

Rejoining the realm…

Still unreachable

The connection could not be restored.

Session expired

The server has moved on; the page needs a fresh start.